Map: Frozen Temple

Players

Googleflax - Winner!

  • Race: Protoss Protoss
  • League: Diamond

turbonic

  • Race: Protoss Protoss
  • League: Diamond

VOD

Have the link to the VOD?

Description

Not really sure what this guy was going for. Cannon rushed my natural, but not my main, then built a ninja expansion and a random Pylon or two and never did much of anything else. :I

Time

  • Played on: Aug. 25, 2016, 6:15 p.m.
  • Length: 10:45
Show
View Real Time Build Order
Export as new Build Order

Googleflax Protoss - Winner!

Build Orders:  

Get SALT Encoding   

  12  0:00  Probe (Chrono Boost)  
  13  0:11  Probe (Chrono Boost)  
  14  0:18  Pylon  
  14  0:22  Probe (Chrono Boost)  
  15  0:37  Probe (Chrono Boost)  
  15  0:38  Gateway  
  16  0:47  Probe (Chrono Boost)  
  16  0:49  Assimilator  
  17  0:54  Assimilator  
  17  0:58  Probe (Chrono Boost)  
  18  1:09  Gateway  
  18  1:13  Probe (Chrono Boost)  
  19  1:20  Pylon  
  19  1:34  Probe (Chrono Boost)  
  19  1:35  Cybernetics Core  
  20  1:45  Probe (Chrono Boost)  
  21  1:55  Probe (Chrono Boost)  
  21  1:57  Warp Gate  
  22  2:07  Probe (Chrono Boost)  
  23  2:20  Mothership Core (Chrono Boost)  
  24  2:30  Nexus  
  23  2:38  Pylon  
  24  2:45  Probe (Chrono Boost)  
  24  2:57  Probe (Chrono Boost)  
  25  2:58  Robotics Facility  
  25  3:03  Pylon  
  25  3:16  Adept x2  
  29  3:26  Gateway  
  30  3:35  Probe (Chrono Boost)  
  30  3:49  Probe (Chrono Boost), Observer  
  30  3:50  Probe (Chrono Boost)  
  33  3:59  Gateway  
  33  4:02  Gateway  
  33  4:07  Pylon  
  33  4:10  Observer  
  34  4:23  Probe (Chrono Boost)  
  36  4:25  Probe (Chrono Boost)  
  36  4:26  Immortal  
  40  4:37  Gateway  
  40  4:40  Probe (Chrono Boost)  
  40  4:42  Stalker  
  40  4:43  Sentry  
  45  4:51  Sentry  
  47  4:54  Probe (Chrono Boost)  
  47  4:55  Probe (Chrono Boost)  
  47  4:57  Assimilator  
  50  5:07  Probe (Chrono Boost)  
  50  5:08  Twilight Council  
  50  5:19  Probe (Chrono Boost)  
  51  5:28  Stalker x3  
  57  5:30  Immortal  
  61  5:40  Adept  
  63  5:46  Blink  
  63  5:58  Probe (Chrono Boost)  
  64  6:04  Immortal  
  64  6:09  Probe (Chrono Boost)  
  69  6:19  Probe (Chrono Boost)  
  69  6:22  Pylon  
  69  6:23  Pylon  
  70  6:26  Pylon  
  70  6:41  Assimilator  
  70  6:45  Stalker  
  70  6:46  Stalker x2  
  76  6:56  Immortal  
  79  7:19  Stalker x5  
  85  7:29  Adept  
  87  7:39  Immortal  
  87  8:03  Stalker x2  
  87  8:04  Stalker  
  93  8:06  Pylon  
  93  8:09  Pylon  
  93  8:21  Pylon  
  93  8:22  Resonating Glaives, Observer  
  94  8:32  Forge  
  94  8:35  Probe (Chrono Boost)  
  94  8:40  Probe (Chrono Boost)  
  96  8:45  Probe (Chrono Boost)  
  89  8:48  Warp Prism  
  89  8:52  Probe (Chrono Boost)  
  92  9:02  Adept x5  
  98  9:28  Immortal  
  98  9:33  Stalker x2  
  104  9:43  Adept  
  104  10:04  Immortal  
  108  10:29  Stalker x5  
  108  10:34  Pylon  
Show
View Real Time Build Order
Export as new Build Order

turbonic Protoss 

Build Orders:  

Get SALT Encoding   

  12  0:01  Probe (Chrono Boost)  
  13  0:12  Probe (Chrono Boost)  
  14  0:19  Pylon  
  14  0:22  Probe (Chrono Boost)  
  15  0:40  Probe (Chrono Boost)  
  16  0:54  Pylon  
  16  1:08  Probe (Chrono Boost)  
  17  1:14  Forge  
  17  1:21  Nexus  
  17  1:31  Pylon  
  17  1:37  Probe (Chrono Boost)  
  18  1:52  Photon Cannon  
  18  1:56  Photon Cannon  
  19  2:01  Probe (Chrono Boost)  
  19  2:14  Probe (Chrono Boost), Photon Cannon  
  20  2:29  Pylon  
  20  2:53  Probe (Chrono Boost)  
  21  2:59  Photon Cannon  
  21  3:03  Probe (Chrono Boost), Photon Cannon  
  22  3:10  Photon Cannon  
  22  3:14  Probe (Chrono Boost)  
  23  3:24  Probe (Chrono Boost)  
  23  3:25  Photon Cannon  
  24  3:28  Photon Cannon  
  24  3:34  Pylon  
  24  3:37  Probe (Chrono Boost)  
  24  3:40  Photon Cannon  
  25  3:44  Probe (Chrono Boost)  
  26  3:53  Photon Cannon  
  26  3:58  Pylon  
  26  3:59  Probe (Chrono Boost)  
  27  4:05  Assimilator  
  27  4:09  Pylon  
  27  4:10  Probe (Chrono Boost)  
  28  4:18  Photon Cannon  
  28  4:26  Photon Cannon  
  28  4:29  Probe (Chrono Boost)  
  29  4:35  Photon Cannon  
  29  4:36  Probe (Chrono Boost)  
  30  4:44  Gateway  
  30  4:47  Probe x2 (Chrono Boost)  
  32  4:56  Assimilator  
  32  4:58  Probe (Chrono Boost)  
  33  5:00  Probe (Chrono Boost)  
  34  5:08  Probe (Chrono Boost)  
  35  5:15  Pylon  
  35  5:19  Probe (Chrono Boost)  
  36  5:24  Pylon  
  36  5:27  Assimilator  
  36  5:29  Probe (Chrono Boost)  
  37  5:40  Probe (Chrono Boost)  
  37  5:41  Cybernetics Core  
  37  5:54  Probe (Chrono Boost)  
  38  5:57  Probe (Chrono Boost)  
  39  6:05  Photon Cannon  
  39  6:06  Assimilator  
  39  6:10  Pylon  
  39  6:16  Probe (Chrono Boost)  
  40  6:28  Stargate  
  40  6:31  Stargate x2  
  40  6:35  Probe (Chrono Boost)  
  40  6:37  Pylon  
  40  6:41  Probe (Chrono Boost)  
  41  6:51  Mothership Core (Chrono Boost), Probe (Chrono Boost)  
  44  6:58  Zealot  
  44  7:01  Pylon  
  46  7:07  Nexus  
  46  7:21  Zealot  
  46  7:28  Photon Cannon x2  
  44  7:30  Photon Cannon  
  42  7:38  Assimilator  
  42  7:39  Assimilator  
  42  7:41  Photon Cannon  
  42  7:46  Zealot  
  42  7:48  Pylon  
  43  7:55  Forge  
  41  8:00  Pylon  
  40  8:12  Gateway  
  38  8:23  Probe (Chrono Boost)  
  39  8:34  Photon Cannon  
  39  8:38  Photon Cannon  
  39  8:49  Pylon  
  39  8:54  Pylon  
  24  9:10  Nexus  
  24  9:12  Pylon  
  24  9:14  Cybernetics Core  
  26  9:22  Pylon  
  16  9:33  Pylon  
  12  9:39  Photon Cannon  
  12  9:42  Photon Cannon  
  2  10:22  Gateway  
  2  10:24  Probe (Chrono Boost)  
Tags
 
Add a new tag
Caveats
  • Supply blocks, unpowered buildings, or Contaminate may cause inaccurate times.
  • Supply counts are checked every 10 seconds.